 Dungeon Crawl Stone Soup version 0.9-a1-1334-g72545ab character file.

90 vogonpoet the Vexing (level 3, -2/19 HPs)
             Began as a Kobold Enchanter on July 14, 2011.
             Hit by a spear of returning thrown by Terence (3 damage)
             ... on Level 2 of the Dungeon.
             The game lasted 00:06:59 (1358 turns).

vogonpoet the Vexing (Kobold Enchanter)             Turns: 1358, Time: 00:06:59

HP  -2/19        AC  4     Str  7 Exp: 3/41 (0), need: 29
MP   0/5         EV 14     Int 14      God:
Gold 62          SH  9     Dex 15      Spells:  2 memorised,  1 level left

Res.Fire  : . . .   See Invis. : .   a - +1 dagger
Res.Cold  : . . .   Warding    : . . b - +1 robe
Life Prot.: . . .   Conserve   : .   m - +0 buckler
Res.Acid. : . . .   Res.Corr.  : .   (no helmet)
Res.Poison: .       Clarity    : .   (no cloak)
Res.Elec. : .       Spirit.Shd : .   o - +0 pair of gloves
Sust.Abil.: . .     Stasis     : .   (no boots)
Res.Mut.  : .       Ctrl.Telep.: .   (no amulet)
Res.Rott. : .       Levitation : .   (no ring)
Saprovore : + + .   Ctrl.Flight: .   (no ring)

@: not resistant to hostile enchantments, stealthy
A: disease resistance, carnivore 3, saprovore 2
a: no special abilities


You were on level 2 of the Dungeon.
You were completely stuffed.

You visited 1 branch of the dungeon, and saw 2 of its levels.

You collected 42 gold pieces.

Inventory:

Hand weapons
 a - a +1,+1 dagger (weapon)
 k - a +0,+0 sling
Missiles
 d - 13 +1 darts (quivered)
 n - 39 +0 arrows
Armour
 b - a +1 robe (worn)
 j - a +1 shield
 m - a +0 buckler (worn)
 o - a +0 pair of gloves (worn)
Comestibles
 f - a meat ration
 g - a sausage
 p - a chunk of goblin flesh
Scrolls
 h - 2 scrolls of identify {unknown}
 i - 3 scrolls of remove curse {unknown}
 l - 2 scrolls of detect curse {unknown}
 q - a scroll of teleportation {unknown}
 r - a scroll of recharging {unknown}
Potions
 e - a potion of water {unknown}
 s - a potion of levitation {unknown}
Books
 c - a book of Maledictions

   Spells                             Type                      Level
   *Corona                            Hexes                        1
   Sure Blade                         Hexes/Charms                 2
   *Ensorcelled Hibernation           Hexes/Ice                    2
   Confuse                            Hexes                        3
   Enslavement                        Hexes                        4
   Invisibility                       Hexes                        6
 t - Ashenzari's Almanac of Culinary Necromancy {unknown}
   (You found it on level 2 of the Dungeon)

   Spells                             Type                      Level
   Animate Skeleton                   Necromancy                   1


   Skills:
 + Level 1 Short Blades
 - Level 1 Throwing
 + Level 3 Dodging
 + Level 3 Stealth
 + Level 1 Stabbing
 * Level 1 Spellcasting
 * Level 3 Hexes


You had one spell level left.
You knew the following spells:

 Your Spells              Type           Power        Success   Level  Hunger
a - Corona Hex            ##......       Very         Good        1    Strawberry
b - Ensorcelled Hibernat  Ice/Hex        #......      Good        2    Choko

Dungeon Overview and Level Annotations

Branches:
Dungeon (2/27)

Altars:
Ashenzari
Kikubaaqudgha


Innate Abilities, Weirdness & Mutations

You recuperate from illness quickly.
You are small and have problems with some larger weapons.
You are carnivorous and can eat meat at any time.
You can eat rotten meat.


Message History

Aim: Terence, wielding a glowing mace and wearing a runed chain mail Terence is unaffected.
Terence picks up a runed spear.
Casting: Ensorcelled Hibernation
Confirm with . or Enter, or press ? or * to list all spells.
Aiming: Ensorcelled Hibernation
Press: ? - help, Shift-Dir - straight line, f/p - Terence
Aim: Terence, wielding a glowing mace and wearing a runed chain mail Terence is unaffected.
Terence throws a runed spear.
The runed spear misses you.
The weapon returns to Terence!
Terence throws a spear of returning.
The spear of returning hits you!
The weapon returns to Terence!
Terence throws a spear of returning.
The spear of returning hits you!
The weapon returns to Terence!
Terence throws a spear of returning.
The spear of returning hits you!
* * * LOW HITPOINT WARNING * * *
The weapon returns to Terence!
There is a stone staircase leading up here.
Terence throws a spear of returning.
The spear of returning hits you!
You die...

#..........# #.......#
#..........# #.......#
##.######## #.......# #.#
#.......# #.# #####.###
###.####### ######.##
#.........## #....)..#
#..........###....._.#
#...............@....#####
..........####.......#.).#
. #.........#
#.......#._.##.....
#.........#
#.......@...?......
#..)......#
#.......######.....
######%#### #.......# .
###.# #####.### #[..# #.#
#.### #.#


You could see Terence.

Vanquished Creatures
  4 goblins (D:1)
  5 hobgoblins
  4 jackals (D:1)
  4 bats
  A giant cockroach (D:1)
  A giant newt (D:1)
  3 kobolds
  7 rats (D:1)
29 creatures vanquished.

Vanquished Creatures (others)
  2 toadstools (D:1)
2 creatures vanquished.

Grand Total: 31 creatures vanquished

Notes
Turn   | Place    | Note
--------------------------------------------------------------
     0 | D:1      | vogonpoet, the Kobold Enchanter, began the quest for the Orb.
     0 | D:1      | Reached XP level 1. HP: 10/10 MP: 3/3
   310 | D:1      | Reached XP level 2. HP: 4/15 MP: 1/4
   318 | D:1      | Learned a level 2 spell: Ensorcelled Hibernation
  1013 | D:1      | Reached XP level 3. HP: 17/19 MP: 2/5
  1295 | D:2      | Found an ancient bone altar of Kikubaaqudgha.
  1344 | D:2      | Noticed Terence
  1345 | D:2      | Found a shattered altar of Ashenzari.
  1348 | D:2      | Got an engraved book
  1358 | D:2      | Hit by a spear of returning thrown by Terence
